 Dungeon Crawl Stone Soup version 0.23.2-40-g277498a001 (webtiles) character file.

Game seed: 2753250649252326704

4143 Curus the Transmogrifier (level 10, 0/66 HPs)
             Began as a Merfolk Transmuter on Sept 30, 2019.
             Was an Elder of Makhleb.
             Slain by an orc warrior
             ... wielding a +0 spear
              (8 damage)
             ... in a bailey.
             The game lasted 00:50:02 (7628 turns).

Curus the Transmogrifier (Merfolk Transmuter)       Turns: 7628, Time: 00:50:03

Health: 0/66       AC:  9    Str: 11    XL:     10   Next: 27%
Magic:  7/14       EV: 12    Int: 15    God:    Makhleb [****..]
Gold:   593        SH:  0    Dex: 15    Spells: 1/14 levels left

rFire    . . .     SeeInvis +     - Unarmed
rCold    . . .     Gourm    .   (shield currently unavailable)
rNeg     + . .     Faith    .   u - +1 troll leather armour
rPois    .         Spirit   .   (no helmet)
rElec    .         Reflect  .   v - +0 cloak
rCorr    .         Harm     .   (gloves currently unavailable)
MR       .....     Clarity  +   i - +1 pair of boots
Stlth    +.........             (no amulet)
HPRegen  0.61/turn              c - ring of positive energy
MPRegen  0.14/turn              e - ring of see invisible

@: blade hands
A: change form in water, swift swim, stealthy swim, rugged brown scales 1,
blink, clarity
a: End Transformation, Blink, Minor Destruction, Lesser Servant of Makhleb,
Major Destruction, Renounce Religion


You were in a bailey.
You worshipped Makhleb.
Makhleb was greatly pleased with you.
You were hungry.
You had blades for hands.
You visited 1 branch of the dungeon, and saw 9 of its levels.
You also visited: Bailey.

You collected 593 gold pieces.

Inventory:

Missiles
 a - 176 arrows
Armour
 b - a +1 robe
 f - a +0 buckler
 i - a +1 pair of boots (worn)
 u - a +1 troll leather armour (worn)
 v - a +0 cloak (worn)
 w - a +0 helmet
 x - a +0 pair of gloves (melded)
Jewellery
 c - a ring of positive energy (left scythe-like blade)
 e - a ring of see invisible (right scythe-like blade)
 h - an uncursed ring of fire
 o - an uncursed ring of protection from fire
 t - an uncursed ring of teleportation
Wands
 g - a wand of clouds (6)
 k - a wand of digging (5)
 r - a wand of disintegration (17)
 y - a wand of scattershot (4)
 A - a wand of enslavement (7)
Scrolls
 j - 5 scrolls of teleportation
 l - a scroll of fear
 m - 5 scrolls of identify
Potions
 n - 2 potions of might
 p - a potion of agility
 q - 2 potions of curing
 s - a potion of magic
 z - a potion of heal wounds
Comestibles
 d - 9 rations


   Skills:
 - Level 1.1 Fighting
 - Level 2.6 Dodging
 - Level 10.0 Unarmed Combat
 - Level 2.6 Spellcasting
 - Level 11.2 Transmutations
 - Level 4.3 Ice Magic
 - Level 2.7 Poison Magic
 + Level 6.6 Invocations


You had one spell level left.
You knew the following spells:

 Your Spells              Type           Power        Failure   Level  Hunger
a - Beastly Appendage     Tmut           #####.       10%         1    #......
b - Spider Form           Tmut/Pois      ###.......   32%         3    ###....
c - Blade Hands           Tmut           #####.....   41%         5    ######.
d - Ice Form              Ice/Tmut       ####....     47%         4    #####..

Your spell library contained the following spells:

 Spells                   Type           Power        Failure   Level  Hunger
 Freeze                   Ice            ##..         32%         1    #......
 Corona                   Hex            #......      71%         1    #......
 Magic Dart               Conj           #...         71%         1    #......
 Sticks to Snakes         Tmut           #####...     11%         2    ##.....
 Ensorcelled Hibernation  Hex/Ice        #.....       58%         2    ##.....
 Throw Frost              Conj/Ice       #.....       58%         2    ##.....
 Ozocubu's Armour         Chrm/Ice       #.......     77%         3    ###....
 Blink                    Tloc           N/A          80%         2    ##.....
 Call Imp                 Summ           #.......     80%         2    ##.....
 Slow                     Hex            #.......     80%         2    ##.....
 Mephitic Cloud           Conj/Pois/Air  #.......     87%         3    ###....
 Confuse                  Hex            #.......     93%         3    ###....
 Conjure Flame            Conj/Fire      #.......     93%         3    ###....
 Dazzling Spray           Conj/Hex       #.....       93%         3    ###....
 Tukima's Dance           Hex            #.......     93%         3    ###....
 Summon Ice Beast         Ice/Summ       #.......     97%         4    #####..
 Throw Icicle             Conj/Ice       #.......     97%         4    #####..


Dungeon Overview and Level Annotations

Branches:
Dungeon (9/15)             Temple (0/1) D:6
   Lair: D:8-11         Orc: D:9-12

Altars:
Ashenzari
Cheibriados
Makhleb
Nemelex Xobeh
Qazlal
Ru
Wu Jian


Innate Abilities, Weirdness & Mutations

You revert to your normal form in water You are very nimble and swift while swimming.
You are very stealthy in the water. (Stealth+)
You are partially covered in rugged brown scales. (AC +1, +3% HP)
You can translocate small distances at will.
You possess an exceptional clarity of mind.


Message History

You hit the orc warrior.
The orc warrior is heavily wounded.
The orc warrior closely misses you.
You punch the orc warrior!
The orc warrior is severely wounded.
The orc warrior hits you with a +0 spear.
* * * LOW HITPOINT WARNING * * *
You hit the orc warrior but do no damage.
You headbutt the orc warrior, but do no damage.
The orc warrior is severely wounded.
The orc warrior hits you with a +0 spear!
* * * LOW HITPOINT WARNING * * *
Casting: Beastly Appendage (safe; 1% risk of failure)
Confirm with . or Enter, or press ? or * to list all spells.
Your horns disappear.
Your hands turn into razor-sharp scythe blades.
Your +0 pair of gloves melds into your body.
You are feeling hungry.
The orc warrior hits you with a +0 spear!
You die...

≈.≈.≈.⌠∩⌠.≈.≈.≈.#
≈.≈.≈≈...≈≈.≈.≈.#..≈#
≈.≈≈.≈...≈.≈≈.≈.#..≈#
≈≈.≈.≈≈≈≈≈.≈.≈≈.#..≈#
.≈.≈≈..)..≈≈.≈.##..≈#
.≈≈.≈≈≈.≈≈≈.≈≈.#⌠..≈#
..≈≈..≈)≈))≈≈..#...≈#
.⌠.≈≈≈...≈≈≈.⌠.#o..≈#
#....≈≈≈≈≈)...##@..≈#
#####...))#####....≈#
...⌠#######⌠.......##
.......)....))....##
.................##
######+++#########


You could see an orc warrior.

Vanquished Creatures
  A hippogriff (D:8)
  Sigmund (D:3)
  A steam dragon (D:9)
  4 hungry ghosts
  Menkaure (D:6)
  2 ice beasts
  A hornet zombie (D:8)
  3 orc warriors (Bailey)
  A black bear (D:8)
  A necrophage (D:8)
  3 ogres
  4 centaurs
  A crocodile (D:8)
  2 bullfrogs
  A gnoll sergeant (D:5)
  4 scorpions
  A water moccasin skeleton (D:5)
  A troll zombie (D:9)
  A howler monkey (D:8)
  6 crimson imps
  2 centaur skeletons
  A quasit (D:8)
  Crazy Yiuf (D:7)
  4 orc priests
  3 iguanas
  5 orc wizards
  3 worker ants
  2 ogre zombies (D:9)
  A hound zombie (D:9)
  A hound skeleton (D:7)
  7 gnolls
  11 adders
  An adder skeleton (D:6)
  2 adder zombies
  A worm (D:2)
  4 dart slugs
  2 leopard geckos
  49 orcs
  5 bats
  2 giant cockroaches
  11 hobgoblins
  5 jackals (D:4)
  8 quokkas
  4 ball pythons
  A ball python skeleton (D:5)
  5 frilled lizards
  7 goblins
  2 goblin zombies (D:9)
  A hobgoblin zombie (D:9)
  7 kobolds
  A leopard gecko skeleton (D:4)
  3 orc zombies (D:9)
  A quokka skeleton (D:5)
  5 rats
208 creatures vanquished.

Notes
Turn   | Place    | Note
-------+----------+-------------------------------------------
     0 | D:1      | Curus the Merfolk Transmuter began the quest for the Orb.
     0 | D:1      | Reached XP level 1. HP: 15/15 MP: 3/3
   296 | D:1      | Reached XP level 2. HP: 19/21 MP: 3/5
   425 | D:2      | Reached XP level 3. HP: 21/26 MP: 6/6
   430 | D:2      | Learned a level 3 spell: Spider Form
   477 | D:2      | Reached skill level 3 in Transmutations
   686 | D:2      | Gained mutation: You possess an exceptional clarity of
                  | mind. [potion of mutation]
   686 | D:2      | Gained mutation: You are partially covered in rugged brown
                  | scales. (AC +1, +3% HP) [potion of mutation]
   686 | D:2      | Gained mutation: You can translocate small distances at
                  | will. [potion of mutation]
   714 | D:2      | Reached skill level 1 in Poison Magic
   747 | D:2      | Reached XP level 4. HP: 23/32 MP: 4/7
  1005 | D:2      | Reached skill level 4 in Transmutations
  1089 | D:2      | Found a burning altar of Makhleb.
  1102 | D:2      | Reached XP level 5. HP: 35/38 MP: 8/8
  1106 | D:2      | Became a worshipper of Makhleb the Destroyer
  1630 | D:3      | Reached skill level 5 in Unarmed Combat
  1685 | D:3      | Found a shattered altar of Ashenzari.
  1696 | D:3      | Reached * piety under Makhleb
  2034 | D:3      | Reached XP level 6. HP: 44/44 MP: 9/9
  2179 | D:3      | Noticed Sigmund
  2202 | D:2      | HP: 2/44 [orc priest/divine providence (12)]
  2479 | D:3      | Noticed an ice beast
  2504 | D:3      | Killed an ice beast
  2677 | D:3      | Killed Sigmund
  2677 | D:3      | Reached XP level 7. HP: 43/49 MP: 6/10
  3197 | D:4      | Reached ** piety under Makhleb
  3800 | D:5      | Entered Level 5 of the Dungeon
  3861 | D:5      | Reached XP level 8. HP: 42/55 MP: 7/11
  3879 | D:5      | HP: 2/55 [gnoll sergeant/+0 spear (7)]
  4113 | D:5      | Reached skill level 10 in Unarmed Combat
  4138 | D:5      | Learned a level 5 spell: Blade Hands
  4403 | D:5      | Found a sacrificial altar of Ru.
  4459 | D:5      | Reached skill level 5 in Transmutations
  4693 | D:5      | Found a snail-covered altar of Cheibriados.
  4697 | D:5      | Found an ornate altar of the Wu Jian Council.
  4779 | D:5      | Reached skill level 6 in Transmutations
  4827 | D:6      | Noticed Menkaure
  4835 | D:6      | Killed Menkaure
  4835 | D:6      | Reached skill level 7 in Transmutations
  4987 | D:6      | Found a staircase to the Ecumenical Temple.
  5013 | D:6      | Reached skill level 8 in Transmutations
  5106 | D:6      | Reached XP level 9. HP: 50/60 MP: 12/12
  5116 | D:6      | Reached skill level 9 in Transmutations
  5591 | D:7      | Reached *** piety under Makhleb
  5591 | D:7      | Reached skill level 10 in Transmutations
  5687 | D:7      | Found a runed translucent door.
  5688 | D:7      | Noticed Crazy Yiuf
  5967 | D:7      | Killed Crazy Yiuf
  6004 | D:7      | Learned a level 4 spell: Ice Form
  6022 | D:8      | Reached skill level 1 in Ice Magic
  6426 | D:8      | Found a sparkling altar of Nemelex Xobeh.
  6545 | D:8      | Reached skill level 11 in Transmutations
  6777 | D:8      | Found a stormy altar of Qazlal.
  7065 | D:9      | Reached skill level 1 in Invocations
  7109 | D:9      | Reached XP level 10. HP: 54/65 MP: 7/13
  7224 | D:9      | Reached **** piety under Makhleb
  7304 | D:9      | Reached skill level 5 in Invocations
  7355 | D:9      | Found a flagged portal.
  7368 | Bailey   | Entered a bailey
  7628 | Bailey   | Slain by an orc warrior

Skill      XL: |  1  2  3  4  5  6  7  8  9 10 |
---------------+-------------------------------+-----
Unarmed Combat | 4 5 7 9 10 | 10.0
Transmutations | 3 4 8 11 | 11.2
Poison Magic   | 1 2 |  2.7
Ice Magic      | 4 |  4.3
Invocations    | 4 6 |  6.6
Fighting       | |  1.1
Dodging        | |  2.6
Spellcasting   | |  2.6

Action                   |  1- 3 |  4- 6 |  7- 9 | 10-12 || total
-------------------------+-------+-------+-------+-------++-------
Melee: Unarmed           |    75 |   234 |   453 |   144 ||   906
       Headbutt          |     9 |    11 |    25 |     6 ||    51
       Punch             |     1 |     5 |    13 |     4 ||    23
       Tailslap          |     1 |     1 |       |     7 ||     9
 Cast: Beastly Appendage |     8 |    13 |    18 |     4 ||    43
       Spider Form       |     1 |     3 |     8 |       ||    12
       Blade Hands       |       |       |     2 |     4 ||     6
Invok: Minor Destruction |       |       |       |     2 ||     2
Evoke: Wand              |       |       |     1 |       ||     1
  Use: Potion            |     4 |     4 |     4 |     1 ||    13
       Scroll            |     1 |     5 |     6 |     1 ||    13
 Stab: Sleeping          |       |     3 |       |       ||     3
       Distracted        |       |     1 |       |       ||     1
  Eat: Chunk             |       |     7 |    15 |     1 ||    23
       Ration            |       |       |     5 |     1 ||     6
Armor: Robe              |     5 |    42 |    74 |       ||   121
       Skin              |     1 |     1 |     2 |       ||     4
       Troll leather arm |       |       |    72 |    43 ||   115
Dodge: Dodged            |    42 |   117 |   312 |    98 ||   569
